 Dungeon Crawl Stone Soup version 0.31.0-11-ge490571c62 (webtiles) character file.

Game seed: 10450934863335532642

56 mandarbmax the Ruffian (level 3, -1/29 HPs)
             Began as a Ghoul Gladiator on Jan 28, 2024.
             Slain by Terence
             ... wielding a +1 mace of protection
              (5 damage)
             ... on level 2 of the Dungeon.
             The game lasted 00:01:31 (845 turns).

mandarbmax the Ruffian (Ghoul Gladiator)             Turns: 845, Time: 00:01:31

Health: -1/29      AC: 11    Str: 19    XL:     3   Next: 95%
Magic:  3/3        EV:  6    Int:  7    God:
Gold:   110        SH:  0    Dex: 10    Spells: 2/2 levels left

rFire   . .          .
                       - Unarmed
rCold   + . .        (no shield)
rNeg    + + +        e - +0 plate armour
rPois   ∞            b - +0 helmet
rElec   .            (no cloak)
rCorr   .            (no gloves)
SInv    .            (no boots)
Will    .....        (no amulet) Stlth
                     (no ring)
HPRegen 0.00/turn    (no ring)
MPRegen 0.08/turn

%: no passive effects
@: inhibited regen
A: claws 1, cold resistance 1, negative energy resistance 3, inhibited
regeneration, torment resistance 2, devour on kill
a: no special abilities


You were on level 2 of the Dungeon.
You visited 1 branch of the dungeon, and saw 2 of its levels.

You collected 110 gold pieces.

Inventory:

Missiles
 c - 3 throwing nets (quivered)
 d - a javelin
Armour
 a - a +0 leather armour
 b - a +0 helmet (worn)
 e - a +0 plate armour (worn)
Wands
 j - a wand of polymorph (5)
Scrolls
 g - a scroll of enchant armour {unknown}
 h - a scroll of identify {unknown}
Potions
 f - a potion of haste {unknown}
 i - a potion of attraction {unknown}


   Skills:
 - Level 2.1 Fighting
 - Level 2.0 Throwing
 + Level 1.2 Armour
 - Level 3.0 Dodging
 * Level 4.4 Unarmed Combat


You had 2 spell levels left.
You didn't know any spells.
Your spell library was empty.

Dungeon Overview and Level Annotations

Branches:
Dungeon (2/15)

Altars:

Annotations:
D:2 Terence


Innate Abilities, Weirdness & Mutations

You are immune to poison.
You have sharp fingernails.
Your flesh is cold resistant. (rC+)
You are immune to negative energy. (rN+++)
You do not regenerate when monsters are visible.
You are immune to unholy pain and torment.
You thrive by killing the living.


Message History

You scratch Terence but do no damage.
Terence is lightly wounded.
Terence hits you with a +1 mace of protection.
You scratch Terence but do no damage.
Terence is lightly wounded.
Terence hits you with a +1 mace of protection.
You are too injured to fight recklessly!
You are too injured to fight recklessly!
You are too injured to fight recklessly!
You are too injured to fight recklessly!
You are too injured to fight recklessly!
You are too injured to fight recklessly!
You are too injured to fight recklessly!
You are too injured to fight recklessly!
You are too injured to fight recklessly!
You are too injured to fight recklessly!
You are too injured to fight recklessly!
You are too injured to fight recklessly!
You are too injured to fight recklessly!
You are too injured to fight recklessly!
You are too injured to fight recklessly!
You are too injured to fight recklessly!
You are too injured to fight recklessly!
You are too injured to fight recklessly!
You are too injured to fight recklessly!
You are too injured to fight recklessly!
You barely miss Terence.
Terence is lightly wounded.
Terence hits you with a +1 mace of protection.
You closely miss Terence.
Terence is lightly wounded.
Terence hits you with a +1 mace of protection!
* * * LOW HITPOINT WARNING * * *
Terence attacks as he pursues you! Terence hits you but does no damage.
Terence attacks as he pursues you! Terence hits you but does no damage.
Terence attacks as he pursues you! Terence barely misses you.
Terence attacks as he pursues you!
Terence hits you with a +1 mace of protection.
You die...
Terence says, "Time to find some more victims."

#..#.......###
##..#..#!......
........#.#.#.
#..#..#.......
#..#....#.#.#.
############..#..g......(
#.............#..#.#.#.#.
########......@..#g......
#..........@#.##.#.#.#.
#.####...#..#..........
###.#..#..####.#.#
#.#)##..# ....
............# ##
#####.#.###.# #..... .#
######


You could see Terence and a hobgoblin.

Vanquished Creatures
  Jessica (D:2)
  A dart slug (D:1)
  4 ball pythons (D:1)
  3 bats
  An endoplasm (D:2)
  A goblin (D:1)
  7 hobgoblins (D:1)
  2 quokkas (D:1)
  2 frilled lizards (D:1)
  3 kobolds (D:1)
25 creatures vanquished.

Notes
Turn   | Place    | Note
-------+----------+-------------------------------------------
     0 | D:1      | mandarbmax the Ghoul Gladiator began the quest for the Orb.
     0 | D:1      | Reached XP level 1. HP: 17/17 MP: 1/1
   220 | D:1      | Reached XP level 2. HP: 24/24 MP: 2/2
   491 | D:1      | Found a faded altar of an unknown god.
   494 | D:1      | Reached XP level 3. HP: 29/29 MP: 3/3
   547 | D:1      | Reached skill level 4 in Unarmed Combat
   800 | D:2      | Noticed Jessica
   805 | D:2      | Killed Jessica
   806 | D:2      | Reached skill level 1 in Armour
   833 | D:2      | Noticed Terence
   845 | D:2      | Slain by Terence

Illustrated notes

Levels and vault maps discovered:
D:1:      lightli_arrival_isolated_outpost, layout_loops_ring,
          shapermc_ecumenical_altar_totnotflames, minmay_misc_feat_alley,
          minivault_27
D:2:      layout_basic, serial_co_window_serial, co_window_paths_a,
          co_window_paths_a, co_window_cross_1, co_window_of_opportunity_a,
          co_window_paths_a, co_window_corner_a, co_window_of_opportunity_a,
          co_window_corner_ca, co_window_corner_b, co_window_corner_ca,
          co_window_unsneaky_path_d, co_window_4corner_a, glass_columns_c,
          glass_columns_c, glass_columns_a, glass_columns_a, uniq_jessica,
          uniq_terence

Skill      XL: |  1  2  3 |
---------------+----------+-----
Throwing       | 2 |  2.0
Dodging        | 3 |  3.0
Unarmed Combat | 4 |  4.4
Armour         | 1 |  1.2
Fighting       | |  2.1

Action                     || total
---------------------------++-------
  Melee: Unarmed           ||    65
 Armour: Leather armour    ||     8
         Plate armour      ||    35
  Dodge: Dodged            ||    19
